 Dungeon Crawl Stone Soup version 0.18-a0-1577-gf591c28 (webtiles) character file.

2531 M4edhros the Covert (level 9, -11/53 HPs)
             Began as an Octopode Artificer on Mar 21, 2016.
             Killed themself with a badly aimed fireball (13 damage)
             ... on level 7 of the Dungeon.
             The game lasted 00:11:56 (8329 turns).

M4edhros the Covert (Octopode Artificer)            Turns: 8329, Time: 00:11:56

Health: -11/53     AC:  6    Str:  8 (10) XL:     9   Next: 55%
Magic:  11/11      EV: 15    Int: 13 (14) God:
Gold:   344        SH:  0    Dex: 13 (16) Spells: 0 memorised, 8 levels left

rFire  . . .     SeeInvis .     p - +1 mace (protect)
rCold  + . .     Gourm    +     (no shield)
rNeg   . . .     Faith    .     (helmet restricted)
rPois  .         Spirit   .     r - amulet of the gourmand
rElec  .         Dismiss  .     (no ring)
rCorr  +         Reflect  .     q - ring of resist corrosion
SustAt .         Harm     .     B - ring of protection from cold
MR     +....                    z - ring of protection from magic
Stlth  +++++++...               (no ring)
                                (no ring)
                                (no ring)
                                (no ring)

@: somewhat resistant to hostile enchantments, extremely stealthy
A: almost no armour, amphibious, 8 rings, constrict 8, camouflage 1, gelatinous
body 1
a: no special abilities


You were on level 7 of the Dungeon.
You were near starving.

You visited 2 branches of the dungeon, and saw 8 of its levels.

You collected 344 gold pieces.

Inventory:

Hand Weapons
 a - a +0 short sword
 h - a +0 hunting sling
 p - a +1 mace of protection (weapon)
Missiles
 g - 260 stones (quivered)
 s - 42 sling bullets
 D - 7 javelins
Jewellery
 q - a ring of resist corrosion (right tentacle)
 r - an amulet of the gourmand (around mantle)
 z - a ring of protection from magic (on tentacle)
 B - a ring of protection from cold (on tentacle)
Wands
 b - a wand of flame (0/48)
 c - a wand of enslavement (0/24)
 d - a wand of random effects (3/48)
Scrolls
 e - 2 scrolls of magic mapping {unknown}
 k - 8 scrolls of remove curse
 m - 2 scrolls of amnesia {unknown}
 n - 4 scrolls of recharging {unknown}
 u - a scroll of noise {unknown}
 v - 5 scrolls of enchant weapon {unknown}
 w - a scroll of enchant armour {unknown}
 x - 5 scrolls of teleportation {unknown}
 y - 6 scrolls of identify {unknown}
 F - 2 scrolls of fear {unknown}
 I - 3 scrolls of fog {unknown}
Potions
 i - 2 potions of flight
Books
 C - a book of Fire

   Spells                             Type                      Level
   a - Ignite Poison                  Fire/Transmutation/Poison    3
   b - Fireball                       Conjuration/Fire             5
   c - Bolt of Fire                   Conjuration/Fire             6
   d - Delayed Fireball               Conjuration/Fire             7
   e - Ring of Flames                 Charms/Fire                  7
Comestibles
 f - 4 bread rations
 A - 2 meat rations
 G - a beef jerky


   Skills:
 - Level 1.0 Fighting
 - Level 1.0 Short Blades
 + Level 6.2 Slings
 + Level 6.3 Dodging
 * Level 12.5 Stealth
 - Level 3.2 Evocations


You had 8 spell levels left.
You didn't know any spells.

Dungeon Overview and Level Annotations

Branches:
Dungeon (7/15)             Temple (1/1) D:6

Altars:
Ashenzari
Cheibriados
Dithmenos
Elyvilon
Fedhas
Gozag
Nemelex Xobeh
Okawaru
Pakellas
Qazlal
Ru
Trog
Yredelemnul
Zin
The Shining One

Shops:
D:6 }

Annotations:
D:4 exclusion: phantom


Innate Abilities, Weirdness & Mutations

You cannot wear most types of armour.
You are amphibious.
You can wear up to eight rings at the same time.
You can use your tentacles to constrict eight enemies at once.
Your skin changes colour to match your surroundings (Stealth).
Your rubbery body absorbs attacks (AC +1).


Message History

You constrict the human, but do no damage.
The human hits you with a hand axe.
* * * LOW HITPOINT WARNING * * *
The human misses you.
Drink which item? (? for menu, Esc to quit)
You feel better.
You constrict the human. You hit the human but do no damage.
The human is severely wounded.
You constrict the human. The human hits you with a hand axe!
* * * LOW HITPOINT WARNING * * *
The human hits you with a hand axe.
* * * LOW HITPOINT WARNING * * *
Evoke which item? (* to show all) (? for menu, Esc to quit)
Zapping:
d - a wand of random effects (3/48)
Press: ? - help, Shift-Dir - straight line, f - sheep
Aim: a sheep The fireball explodes!
The fireball engulfs the human.
The human is almost dead.
The fireball engulfs you!
You die...

### #........# #. ..# #........#
#.. #. ..# #........# #.#######
#. ..# #........# #.#%%#..# #.
..###........# #.#%.#..#########.
###..........###.#..'..#......##.
.................#..#..#.........
....#.##..#......#YY#..#......##.
...##.##..#.....@#'### #..######.
...##.....#.....#pY..# ########..
...#####..#.....##.#.###.........
.......#......####...............
.......#.#########...............
..............#..................
#####.##.####.#......###.......#.
.##......# #.#.......##.........
.##......# #.#....##.##........<


You could see a human and a sheep.

Vanquished Creatures
  Sigmund (D:5)
  Eustachio (D:5)
  2 hippogriffs (D:7)
  A hungry ghost (D:7)
  A necrophage (D:6)
  3 ogres
  A centaur (D:7)
  A big kobold (D:7)
  2 giant frogs (D:6)
  6 scorpions
  2 howler monkeys
  4 crimson imps
  2 jellies (D:5)
  2 orc priests (D:6)
  A centaur skeleton (D:4)
  Jessica (D:2)
  3 iguanas
  3 orc wizards
  6 worker ants
  A sheep (D:7)
  13 adders
  2 shadow imps (D:6)
  3 adder skeletons
  2 worms
  5 giant geckos
  21 orcs
  A ball python (D:2)
  6 giant cockroaches
  8 goblins
  3 hobgoblins
  3 jackals (D:3)
  A quokka (D:6)
  10 bats
  A giant newt (D:2)
  2 goblin skeletons (D:7)
  A goblin zombie (D:7)
  2 hobgoblin zombies (D:7)
  12 kobolds
  A kobold skeleton (D:7)
  An orc zombie (D:7)
  5 rats
147 creatures vanquished.

Vanquished Creatures (collateral kills)
  An adder skeleton (D:6)
  An orc (D:7)
  A bat (D:2)
3 creatures vanquished.

Vanquished Creatures (others)
  A centaur (D:7)
1 creature vanquished.

Grand Total: 151 creatures vanquished

Notes
Turn   | Place    | Note
--------------------------------------------------------------
     0 | D:1      | M4edhros the Octopode Artificer began the quest for the Orb.
     0 | D:1      | Reached XP level 1. HP: 13/13 MP: 3/3
   218 | D:1      | Reached skill level 2 in Stealth
   571 | D:1      | Reached XP level 2. HP: 11/18 MP: 4/4
   774 | D:1      | Reached skill level 3 in Stealth
  1076 | D:2      | Reached XP level 3. HP: 3/23 MP: 5/5
  1409 | D:2      | Reached skill level 4 in Stealth
  1700 | D:2      | Noticed Jessica
  1702 | D:2      | Killed Jessica
  1702 | D:2      | Reached skill level 1 in Slings
  1702 | D:2      | Reached XP level 4. HP: 28/28 MP: 6/6
  2039 | D:3      | Reached skill level 5 in Stealth
  2252 | D:3      | Reached XP level 5. HP: 33/33 MP: 7/7
  2845 | D:4      | Reached skill level 6 in Stealth
  2858 | D:4      | Reached XP level 6. HP: 19/38 MP: 8/8
  2946 | D:4      | Found an oddly glowing altar of Pakellas.
  2949 | D:4      | Found a sacrificial altar of Ru.
  2950 | D:4      | Found an iron altar of Okawaru.
  2950 | D:4      | Found a stormy altar of Qazlal.
  2950 | D:4      | Found a bloodstained altar of Trog.
  2951 | D:4      | Found an opulent altar of Gozag.
  2955 | D:4      | Found a shadowy altar of Dithmenos.
  3092 | D:4      | Reached skill level 7 in Stealth
  3370 | D:4      | Noticed a phantom
  3666 | D:4      | Reached XP level 7. HP: 40/43 MP: 9/9
  3747 | D:5      | Entered Level 5 of the Dungeon
  3747 | D:5      | Noticed Eustachio
  3777 | D:5      | Killed Eustachio
  3777 | D:5      | Reached skill level 8 in Stealth
  4747 | D:5      | Reached skill level 9 in Stealth
  4866 | D:6      | Paralysed by fainting for 12 turns
  4951 | D:6      | Reached XP level 8. HP: 35/48 MP: 10/10
  5028 | D:5      | Noticed Sigmund
  5038 | D:5      | Killed Sigmund
  5038 | D:5      | Reached skill level 10 in Stealth
  5496 | D:6      | Reached skill level 5 in Dodging
  5704 | D:6      | Reached skill level 5 in Slings
  5766 | D:6      | Found a blossoming altar of Fedhas.
  5766 | D:6      | Found a glowing golden altar of the Shining One.
  5791 | D:6      | Found an oddly glowing altar of Pakellas.
  5791 | D:6      | Found Pakellas's Prime Provisions.
  5820 | D:6      | Found a staircase to the Ecumenical Temple.
  5843 | Temple   | Entered the Ecumenical Temple
  6063 | D:6      | Reached skill level 11 in Stealth
  6139 | D:6      | Reached XP level 9. HP: 50/52 MP: 11/11
  7166 | D:7      | HP: 2/53 [poisoned by a centaur]
  7171 | D:7      | HP: 2/53 [poisoned by a centaur]
  7698 | D:7      | Reached skill level 12 in Stealth
  7736 | D:7      | Found a glowing golden altar of the Shining One.
  8328 | D:7      | HP: 2/53 [human/hand axe (3)]
  8329 | D:7      | Killed themself with a badly aimed fireball

Vault maps used:
D:1:      dpeg_arrival_court, serial_forest, infiniplex_forest_straight_4,
          infiniplex_forest_lined_room_2, infiniplex_forest_corner_1,
          infiniplex_forest_lined_room_2, infiniplex_forest_clump_curved,
          infiniplex_forest_clump_cross, infiniplex_forest_clump_tiny,
          infiniplex_forest_lined_3, minmay_strange_pillars
D:2:      serial_bayou_pond_b, uniq_jessica
D:4:      wad_crossroads, minitemple, first_bread
D:5:      serial_curves, eino_curves_03, eino_curves_01, eino_curves_01,
          eino_curves_01, uniq_sigmund, uniq_eustachio
D:6:      gammafunk_temple_overflow_wave, johnstein_pakellas_shop
D:7:      grunt_livestock, nicolae_tso_besieged_by_evil
Temple:   hc_temple_tempest_star_small

Skill      XL: |  1  2  3  4  5  6  7  8  9 |
---------------+----------------------------+-----
Stealth        | 2 3 4 5 6 7 9 11 12 | 12.5
Slings         | 1 2 3 4 5 6 |  6.2
Dodging        | 3 4 5 6 |  6.3
Fighting       | |  1.0
Short Blades   | |  1.0
Evocations     | |  3.2

Action                   |  1- 3 |  4- 6 |  7- 9 || total
-------------------------+-------+-------+-------++-------
Melee: Short sword       |    67 |    15 |       ||    82
       Mace              |       |    98 |   276 ||   374
 Fire: Hunting sling     |       |       |     8 ||     8
Evoke: Wand              |     4 |       |    38 ||    42
  Use: Potion            |     1 |       |    13 ||    14
       Scroll            |       |       |     1 ||     1
 Stab: Sleeping          |     3 |    13 |    14 ||    30
       Distracted        |       |       |     1 ||     1
  Eat: Chunk             |     2 |     6 |    23 ||    31
